 Dungeon Crawl Stone Soup version 0.21.1-1-g345015fe64 (webtiles) character file.

196 ILYA101 the Skirmisher (level 5, 0/46 HPs)
             Began as a Draconian Fighter on July 10, 2018.
             Slain by a sky beast (5 damage)
             ... on level 5 of the Dungeon.
             The game lasted 00:05:14 (2489 turns).

ILYA101 the Skirmisher (Draconian Fighter)          Turns: 2489, Time: 00:05:15

Health: 0/46       AC:  5    Str: 22    XL:     5   Next: 46%
Magic:  5/5        EV: 11    Int:  9    God:
Gold:   57         SH: 10    Dex: 11    Spells: 4/4 levels left

rFire    . . .     SeeInvis .   a - +0 trident
rCold    . . .     Gourm    .   b - +1 shield
rNeg     . . .     Faith    .   (armour unavailable)
rPois    .         Spirit   .   (helmet restricted)
rElec    .         Reflect  .   (no cloak)
rCorr    .         Harm     .   (no gloves)
MR       .....     Rnd*Tele +   (no boots)
Stlth    ++........             (no amulet)
HPRegen  0.15/turn              j - +4 ring of strength
MPRegen  0.09/turn              o - ring of teleportation (curse)

@: no status effects
A: unfitting armour, cold-blooded, AC +5
a: no special abilities


You were on level 5 of the Dungeon.
You were not hungry.

You visited 1 branch of the dungeon, and saw 5 of its levels.

You collected 57 gold pieces.

Inventory:

Hand Weapons
 a - a +0 trident (weapon)
Armour
 b - a +1 shield (worn)
Jewellery
 e - an uncursed ring of flight
 g - an uncursed ring of ice
 j - a +4 ring of strength (left hand)
 n - an uncursed ring of protection from fire {unknown}
 o - a cursed ring of teleportation (right hand)
Wands
 q - a wand of flame (24)
Scrolls
 h - 2 scrolls of teleportation {unknown}
 m - a scroll of identify
 p - a scroll of fog
Potions
 c - a potion of might
 f - a potion of haste
 i - a potion of resistance {unknown}
 k - 3 potions of curing
 l - a potion of magic
Comestibles
 d - 8 rations
 r - 3 chunks of flesh


   Skills:
 + Level 4.0 Fighting
 + Level 4.0 Polearms
 + Level 3.4 Dodging
 + Level 1.2 Stealth
 + Level 3.6 Shields


You had 4 spell levels left.
You didn't know any spells.

Dungeon Overview and Level Annotations

Branches:
Dungeon (5/15)
 Temple: D:4-7

Altars:
Kikubaaqudgha
Nemelex Xobeh
Trog

Shops:
D:5 (


Innate Abilities, Weirdness & Mutations

Your plain brown scales are hard. (AC +5)
You cannot fit into any form of body armour.
You are cold-blooded and may be slowed by cold attacks.


Message History

You block the sky beast's attack. The sky beast closely misses you.
You barely miss the sky beast.
The sky beast is almost dead.
The sky beast hits you but does no damage.
You miss the sky beast.
The sky beast is almost dead.
The sky beast hits you but does no damage.
You miss the sky beast.
The sky beast is almost dead.
The sky beast flickers out of sight!
Deactivating autopickup; reactivate with Ctrl-A.
Something hits you.
* * * LOW HITPOINT WARNING * * *
Something shocks you.
* * * LOW HITPOINT WARNING * * *
There is a strange disturbance nearby!
You hit something but do no damage. Something hits you.
* * * LOW HITPOINT WARNING * * *
Something shocks you.
You die...

#♣ #
#♣.∩.♣
#..♣.
#?). #..
##.####{#
#......@#
#..####.#
#.# #.#
... #.#
#.. ###


There were no monsters in sight!

Vanquished Creatures
  A centaur (D:5)
  An iguana (D:4)
  A hound skeleton (D:3)
  An adder (D:3)
  An ooze (D:3)
  2 worms
  A dart slug (D:1)
  An orc (D:3)
  2 ball pythons
  5 giant cockroaches (D:1)
  5 hobgoblins
  4 jackals (D:1)
  7 kobolds
  2 quokkas (D:4)
  6 bats (D:1)
  4 frilled lizards
  4 goblins (D:1)
  A jackal zombie (D:5)
  7 rats
56 creatures vanquished.

Notes
Turn   | Place    | Note
-------+----------+-------------------------------------------
     0 | D:1      | ILYA101 the Draconian Fighter began the quest for the Orb.
     0 | D:1      | Reached XP level 1. HP: 19/19 MP: 1/1
   187 | D:1      | Reached XP level 2. HP: 6/26 MP: 2/2
   544 | D:1      | Reached XP level 3. HP: 27/33 MP: 3/3
   832 | D:2      | You fall through a shaft!
   838 | D:3      | Found a bloodstained altar of Trog.
   913 | D:3      | Found an ancient bone altar of Kikubaaqudgha.
  1002 | D:3      | Reached XP level 4. HP: 37/40 MP: 4/4
  1388 | D:4      | HP: 2/40 [iguana (14)]
  2229 | D:5      | Entered Level 5 of the Dungeon
  2243 | D:5      | Found a sparkling altar of Nemelex Xobeh.
  2294 | D:5      | Noticed a centaur
  2313 | D:5      | Killed a centaur
  2313 | D:5      | Reached skill level 1 in Stealth
  2313 | D:5      | Reached XP level 5. HP: 4/46 MP: 5/5
  2468 | D:5      | Found Ehecw's Weapon Emporium.
  2469 | D:5      | Noticed a sky beast
  2489 | D:5      | Slain by a sky beast

Skill      XL: |  1  2  3  4 |
---------------+-------------+-----
Dodging        | 3 |  3.4
Polearms       | 4 |  4.0
Fighting       | 4 |  4.0
Stealth        | 1 |  1.2
Shields        | |  3.6

Action                   |  1- 3 |  4- 6 || total
-------------------------+-------+-------++-------
Melee: Trident           |   137 |    63 ||   200
       Tailslap          |    16 |    12 ||    28
  Use: Scroll            |     6 |     1 ||     7
 Stab: Sleeping          |     1 |     1 ||     2
  Eat: Chunk             |     1 |     4 ||     5
Armor: Skin              |    60 |    19 ||    79
Dodge: Dodged            |    60 |    16 ||    76
Block: Shield            |    80 |    31 ||   111
